 Dungeon Crawl Stone Soup version 0.30-a0-377-g5cb311bc9f (webtiles) character file.

Game seed: 7169639179199883992

119 jfcaron the Shooter (level 4, -1/24 HPs)
             Began as a Deep Elf Hexslinger on Nov 29, 2022.
             Slain by an orc
             ... wielding a +0 hand axe
              (4 damage)
             ... on level 3 of the Dungeon.
             The game lasted 00:07:04 (1590 turns).

jfcaron the Shooter (Deep Elf Hexslinger)           Turns: 1590, Time: 00:07:05

Health: -1/24      AC:  3    Str:  7    XL:     4   Next: 73%
Magic:  2/8        EV: 13    Int: 18    God:
Gold:   186        SH:  0    Dex: 17    Spells: 2/6 levels left

rFire   . . .      SeeInvis .    a - +1 sling
rCold   . . .      Faith    .    (no shield)
rNeg    . . .      Spirit   .    c - +0 robe
rPois   .          Reflect  .    (no helmet)
rElec   .          Harm     .    (no cloak)
rCorr   .          Rampage  .    (no gloves)
Will    .....                    i - +0 pair of boots
Stlth   ++........               (no amulet)
HPRegen 0.24/turn                (no ring)
MPRegen 0.11/turn                (no ring)

@: no status effects
A: no striking features
a: no special abilities


You were on level 3 of the Dungeon.
You visited 1 branch of the dungeon, and saw 3 of its levels.

You collected 186 gold pieces.

Inventory:

Hand Weapons
 a - a +1 sling (weapon)
 d - a +0 short sword
 g - a +2 hand axe of flaming
 h - a +0 dagger
Missiles
 e - 18 stones
 f - 9 poisoned darts
Armour
 c - a +0 robe (worn)
 i - a +0 pair of boots (worn)
 n - a scarf of shadows
Scrolls
 b - a scroll of poison
 k - 3 scrolls of teleportation {unknown}
 m - a scroll of noise {unknown}
 o - a scroll of enchant armour {unknown}
 p - 2 scrolls of identify {unknown}
 r - a scroll of fog {unknown}
 u - a scroll of summoning {unknown}
Potions
 j - 3 potions of curing {unknown}
 l - 2 potions of haste {unknown}
 q - a potion of might {unknown}
 s - a potion of lignification {unknown}
 t - a potion of mutation {unknown}
 v - a potion of degeneration {unknown}
 w - a potion of cancellation {unknown}


   Skills:
 - Level 0.7 Fighting
 + Level 5.4 Ranged Weapons
 - Level 2.4 Dodging
 - Level 1.5 Spellcasting
 - Level 5.2 Hexes
 - Level 1.0 Fire Magic


You had 2 spell levels left.
You knew the following spells:

 Your Spells              Type           Power      Damage    Failure   Level
a - Slow                  Hex            80%        N/A       2%          1
b - Inner Flame           Hex/Fire       12%        N/A       16%         3

Your spell library contained the following spells:

 Spells                   Type           Power      Damage    Failure   Level
 Portal Projectile        Hex/Tloc       20%        N/A       19%         3
 Cause Fear               Hex            10%        N/A       22%         4
 Frozen Ramparts          Ice            2%         1d1       50%         3
 Ice Form                 Ice/Tmut       1%         N/A       88%         4
 Summon Ice Beast         Ice/Summ       1%         N/A       88%         4


Dungeon Overview and Level Annotations

Branches:
Dungeon (3/15)

Altars:


Message History

Press: ? - help, Q - select action, (/) - cycle Shift-Dir - straight line, f/p - orc
Aim: an orc, wielding a +0 vorpal falchion and wearing a +0 leather armour (60% to hit)
You shoot a sling bullet. The sling bullet hits the orc!
You kill the orc!
Fire: a) +1 sling
Press: ? - help, Q - select action, (/) - cycle Shift-Dir - straight line, f/p - orc
Aim: an orc, wielding a +0 vorpal falchion and wearing a +0 leather armour (60% to hit)
You shoot a sling bullet. The sling bullet hits the orc.
The orc is heavily wounded.
You hear some strange, mumbled words.
A magic dart appears from out of thin air!
The magic dart hits you! Something hits you.
Casting: Slow (safe; 2% risk of failure)
Confirm with . or Enter, or press ? or * to list all spells.
Aiming: Slow (safe; 2% risk of failure)
Press: ? - help, Shift-Dir - straight line, p - orc Nothing appears to happen.
Something hits you.
* * * LOW HITPOINT WARNING * * *
The orc hits you with a +0 hand axe.
* * * LOW HITPOINT WARNING * * *
Unknown command.
The orc attacks as you move away! The orc closely misses you.
Casting: Slow (safe; 2% risk of failure)
Confirm with . or Enter, or press ? or * to list all spells.
Okay, then.
Fire: a) +1 sling
Press: ? - help, Q - select action, (/) - cycle Shift-Dir - straight line, f - orc
Aim: an orc, wielding a +0 hand axe and wearing a +0 ring mail (moderately wounded, 64% to hit)
Okay, then.
Unknown command.
Fire: a) +1 sling
Press: ? - help, Q - select action, (/) - cycle Shift-Dir - straight line You shoot a sling bullet.
The orc closely misses you. The orc hits you with a +0 hand axe.
* * * LOW HITPOINT WARNING * * *
Unknown command.
The orc attacks as you move away! The orc closely misses you.
The orc attacks as you move away! The orc hits you with a +0 hand axe.
You die...

... ... #.#### .
..... ###.#. ...
#...# +.....#
....###...#
#......
..........#
.##....#
#[####.@#
.......#
#.##.ooo# #....#
#.##.o..#
#....###.#..o..#
##..............#
#.....###......##
##.......).#....#
##......####.####
)...#...# #..


You could see 5 orcs.

Vanquished Creatures
  Terence (D:2)
  An orc wizard (D:3)
  2 adders (D:2)
  4 worms (D:2)
  2 orcs (D:3)
  3 endoplasms
  2 giant cockroaches
  A hobgoblin (D:1)
  3 jackals (D:1)
  2 quokkas
  5 ball pythons
  3 bats
  3 frilled lizards
  4 kobolds
  4 rats
  A spectral hobgoblin (D:3)
41 creatures vanquished.

Notes
Turn   | Place    | Note
-------+----------+-------------------------------------------
     0 | D:1      | jfcaron the Deep Elf Hexslinger began the quest for the
                  | Orb.
     0 | D:1      | Reached XP level 1. HP: 11/11 MP: 5/5
    68 | D:1      | You fall into a shaft and drop 1 floor!
   131 | D:2      | Noticed Terence
   216 | D:2      | Killed Terence
   217 | D:2      | Reached XP level 2. HP: 16/16 MP: 4/6
   217 | D:2      | Reached XP level 3. HP: 20/20 MP: 4/7
   223 | D:2      | Learned a level 3 spell: Inner Flame
   695 | D:2      | Reached skill level 5 in Hexes
  1132 | D:2      | Reached XP level 4. HP: 24/24 MP: 8/8
  1180 | D:2      | Reached skill level 1 in Fire Magic
  1405 | D:3      | Found a faded altar of an unknown god.
  1537 | D:3      | Reached skill level 5 in Ranged Weapons
  1586 | D:3      | HP: 3/24 [orc/+0 hand axe (3)]
  1590 | D:3      | Slain by an orc

Illustrated notes

Levels and vault maps discovered:
D:1:      dpeg_arrival_tiny_j, layout_basic
D:2:      layout_loops_cross, uniq_terence
D:3:      layout_basic, dreamdust_ecumenical_altar_drowned_temple

Skill      XL: |  1  2  3  4 |
---------------+-------------+-----
Ranged Weapons | 3 4 5 |  5.4
Hexes          | 5 |  5.2
Fire Magic     | 1 |  1.0
Fighting       | |  0.7
Dodging        | |  2.4
Spellcasting   | |  1.5

Action                   |  1- 3 |  4- 6 || total
-------------------------+-------+-------++-------
 Fire: Sling             |    95 |    67 ||   162
 Cast: Slow              |    11 |     4 ||    15
       Inner Flame       |       |     2 ||     2
Armor: Robe              |     1 |     8 ||     9
Dodge: Dodged            |     5 |    33 ||    38

Table legend: (Time is in decaauts)
 A = Elapsed time spent in this place.
 B = Non-inter-level travel time spent in this place.
 C = Inter-level travel time spent in this place.
 D = Time resting spent in this place.
 E = Time spent auto-exploring this place.
 F = Levels seen in this place.
 G = Mean time per level.
                   A        B        C        D        E       F      G
               +--------+--------+--------+--------+--------+-----+--------+
         Total |   1623 |   1521 |    102 |     65 |   1046 |   3 |  541.0 |
       Dungeon |   1623 |   1521 |    102 |     65 |   1046 |   3 |  541.0 |
               +--------+--------+--------+--------+--------+-----+--------+

Top non-repeatable levels by time:
     D:2: 882 daAuts
     D:1: 511 daAuts
     D:3: 229 daAuts
